 Seeded DCSS version 0.28-a0-1184-g53156a8862 (webtiles) character file.

Game seed: 9994578473121069481 (custom seed)

27 ytrimaz the Insei (level 3, 0/23 HPs)
             Began as an Octopode Transmuter on Dec 17, 2021.
             Splashed by a jelly's acid (12 damage)
             ... on level 2 of the Dungeon.
             The game lasted 00:01:27 (2041 turns).

ytrimaz the Insei (Octopode Transmuter)             Turns: 2041, Time: 00:01:28

Health: 0/23       AC:  1    Str:  9    XL:     3   Next: 10%
Magic:  5/6        EV: 13    Int: 17    God:
Gold:   41         SH:  0    Dex: 12    Spells: 5/6 levels left

rFire   . . .      SeeInvis .     - Unarmed
rCold   . . .      Faith    .   (no shield)
rNeg    . . .      Spirit   .   (helmet currently unavailable)
rPois   .          Reflect  .   (no amulet)
rElec   .          Harm     .   (no ring)
rCorr   .          Rampage  .   (no ring)
Will    .....                   (no ring)
Stlth   +++.......              (no ring)
HPRegen 0.07/turn               (no ring)
MPRegen 0.10/turn               (no ring)
                                (no ring)
                                (no ring)

@: appendages (expiring)
A: tentacle spike 3, almost no armour, amphibious, 8 rings, camouflage 1,
gelatinous body 1, (nimble swimmer 1), tentacles
a: End Transformation


You were on level 2 of the Dungeon.
One of your tentacles had grown a beastly spike.
You visited 1 branch of the dungeon, and saw 2 of its levels.

You collected 41 gold pieces.

Inventory:

Jewellery
 c - a ring of fire
Scrolls
 e - a scroll of holy word
Potions
 a - a potion of degeneration {unknown}
 b - a potion of curing {unknown}
 d - a potion of ambrosia {unknown}


   Skills:
 + Level 1.2 Fighting
 + Level 2.3 Dodging
 + Level 1.0 Stealth
 + Level 3.4 Unarmed Combat
 + Level 2.1 Spellcasting
 + Level 2.2 Transmutations


You had 5 spell levels left.
You knew the following spells:

 Your Spells              Type           Power      Damage    Failure   Level
a - Beastly Appendage     Tmut           18%        N/A       8%          1

Your spell library contained the following spells:

 Spells                   Type           Power      Damage    Failure   Level
 Wereblood                Tmut           9%         N/A       12%         2
 Spider Form              Tmut/Pois      5%         N/A       36%         3
 Ice Form                 Ice/Tmut       5%         N/A       77%         4


Dungeon Overview and Level Annotations

Branches:
Dungeon (2/15)

Altars:


Innate Abilities, Weirdness & Mutations

One of your tentacles has grown a beastly spike.
You cannot wear most types of armour.
You are amphibious.
You can wear up to eight rings at the same time.
Your skin changes colour to match your surroundings (Stealth+).
Your rubbery body absorbs attacks. (AC +1, EV +1)
((You are camouflaged near water. (Stealth+)))
You have tentacles for arms and can constrict up to eight enemies at once.


Message History

You are no longer poisoned.
Your tentacle spike disappears.
e - a scroll of holy word A ball python comes into view.
A ball python is nearby!
A ball python is nearby!
One of your tentacles grows a vicious spike. 2 jackals come into view.
A jelly comes into view.
The jackal barks!
The ball python hisses angrily.
The jackal barks!
The jackal bites you. The jackal completely misses you.
Found 24 arrows.
The jackal barely misses you. The ball python bites you.
The ball python grabs you. The ball python constricts you.
You tentacle-slap the jackal. Your grab misses the jackal.
You pierce the jackal.
You kill the jackal!
The jackal closely misses you. The ball python misses you.
The ball python constricts you.
Your Stealth skill increases to level 1!
You have reached level 3!
Your experience leads to an increase in your attributes!
Increase (S)trength, (I)ntelligence, or (D)exterity?
You feel clever. x2
Unknown command.
You escape the ball python's grasp.
The jackal bites you. x2
The jackal bites you but does no damage.
Your transformation is almost over.
The ball python closely misses you. The ball python barely misses you.
You hear a slurping noise.
The jelly eats the door!
The ball python misses you. x2
You closely miss the ball python. You grab the ball python.
You pierce the ball python.
You kill the ball python!
You closely miss the jackal. You grab the jackal.
You pierce the jackal.
The jackal is almost dead.
You constrict the jackal.
You kill the jackal!
The jelly hits you.
You are splashed with acid!
Ouch! That really hurt!
You die...

# #.# #..
..........#.# # #.#
#.# .....#.###.# ##
#.# #.# ######.# #.#
.# #.# #.# #......#
#.#
.###.####.####.######
#.# .'.........)....#
#.# .###.##.#.......#
#.# .#
#.##.#.####.########.#
##
#.##.#.#....J@.......#
#.##......#.##########
#.####.#.........# #.#
#.#.........# #..
..#.........#
#.........#
(...........# #
#.##.#.......# # #.# #
#.#.......#


You could see a jelly.

Vanquished Creatures
  2 ball pythons
  3 bats (D:2)
  3 endoplasms
  A giant cockroach (D:2)
  2 goblins
  3 hobgoblins
  2 jackals (D:2)
  3 kobolds
  2 frilled lizards (D:1)
  A rat (D:1)
22 creatures vanquished.

Notes
Turn   | Place    | Note
-------+----------+-------------------------------------------
     0 | D:1      | ytrimaz the Octopode Transmuter began the quest for the
                  | Orb.
     0 | D:1      | Reached XP level 1. HP: 13/13 MP: 3/3
   244 | D:1      | Found Icryhib's Assorted Antiques.
   540 | D:1      | Reached XP level 2. HP: 18/18 MP: 3/5
  1294 | D:1      | Found a faded altar of an unknown god.
  2031 | D:2      | Reached skill level 1 in Stealth
  2031 | D:2      | Reached XP level 3. HP: 15/23 MP: 4/6
  2041 | D:2      | Splashed by a jelly's acid

Illustrated notes

Levels and vault maps discovered:
D:1:      minmay_arrival_radiant_lines, layout_loops_corners,
          dreamdust_ecumenical_altar_hidden_monk_grotto, serial_shops,
          nicolae_diamond_shop
D:2:      layout_basic

Skill      XL: |  1  2 |
---------------+-------+-----
Stealth        | 1 |  1.0
Fighting       | |  1.2
Dodging        | |  2.3
Unarmed Combat | |  3.4
Spellcasting   | |  2.1
Transmutations | |  2.2

Action                   || total
-------------------------++-------
Melee: Unarmed           ||    44
       Constrict         ||    13
       Kick              ||     9
       Tentacles         ||     7
       Punch             ||     1
 Cast: Beastly Appendage ||    11
  Use: Scroll            ||     3
 Stab: Sleeping          ||     3
Armor: Skin              ||     7
Dodge: Dodged            ||    37

Table legend: (Time is in decaauts)
 A = Elapsed time spent in this place.
 B = Non-inter-level travel time spent in this place.
 C = Inter-level travel time spent in this place.
 D = Time resting spent in this place.
 E = Time spent auto-exploring this place.
 F = Levels seen in this place.
 G = Mean time per level.
                   A        B        C        D        E       F      G
               +--------+--------+--------+--------+--------+-----+--------+
         Total |   2037 |   1992 |     45 |      0 |   1803 |   2 | 1018.5 |
       Dungeon |   2037 |   1992 |     45 |      0 |   1803 |   2 | 1018.5 |
               +--------+--------+--------+--------+--------+-----+--------+

Top non-repeatable levels by time:
     D:1: 1396 daAuts
     D:2: 641 daAuts
